| TOP OF THE 1ST |
|
Trenton Thunder batting - Pitching for Frisco RoughRiders : RHP Matt Stutzman
|
|
Pitching: RHP Matt Stutzman
|
|
|
Batting: LHB Frank Mullen
|
0-0: Foul Ball, location: 2F 0-1: Ball 1-1: SINGLE (Line Drive, 4MD, EV 98.1 MPH)
|
|
Batting: RHB Stu Rancourt
|
0-0: Ball Frank Mullen steals 2nd base 1-0: Called Strike 1-1: Swinging Strike 1-2: Foul Ball, location: 2F 1-2: Foul Ball, location: 2F 1-2: Ball 2-2: Ball 3-2: Base on Balls
|
|
Batting: SHB David Bantista
|
0-0: Ball 1-0: Ball 2-0: Fielders Choice at 2nd, 5-4 (Groundball, 5, EV 90.6 MPH) Frank Mullen to third
|
|
Batting: RHB Jeremy Hathcock
|
0-0: Foul Ball, location: 2F 0-1: Called Strike 0-2: Strikes out swinging
|
|
Batting: RHB Hector Padilla
|
0-0: Fielders Choice at 2nd, 5-4 (Groundball, 56, EV 104.4 MPH)
|
| Top of the 1st over - 0 runs, 1 hit, 0 errors, 2 left on base; Trenton 0 - Frisco 0 |
| BOTTOM OF THE 1ST |
|
Frisco RoughRiders batting - Pitching for Trenton Thunder : RHP Pat Matera
|
|
Pitching: RHP Pat Matera
|
|
|
Batting: RHB Jason Sher
|
0-0: Called Strike 0-1: Ball 1-1: Ball 2-1: Called Strike 2-2: Strikes out swinging
|
|
Batting: LHB Antonio Domingues
|
0-0: Swinging Strike 0-1: Ball 1-1: Foul Ball, location: 2F 1-2: Strikes out swinging
|
|
Batting: LHB Justin Balthazor
|
0-0: Foul Ball, location: 2F 0-1: Ball 1-1: Ground out 4-3 (Groundball, 4M, EV 98.8 MPH)
|
| Bottom of the 1st over - 0 runs, 0 hits, 0 errors, 0 left on base; Trenton 0 - Frisco 0 |
| TOP OF THE 2ND |
|
Trenton Thunder batting - Pitching for Frisco RoughRiders : RHP Matt Stutzman
|
|
Batting: LHB Ryan Rodgers
|
0-0: Called Strike 0-1: Foul Ball, location: 2F 0-2: Ball 1-2: Ball 2-2: Foul Ball, location: 2F 2-2: Ball 3-2: Foul Ball, location: 2F 3-2: Foul Ball, location: 2F 3-2: SINGLE (Line Drive, 9S, EV 94.4 MPH)
|
|
Batting: LHB Justin Covington
|
0-0: Ball 1-0: Ball 2-0: Foul Ball, location: 2F 2-1: Foul Ball, location: 2F 2-2: Strikes out swinging
|
|
Batting: SHB Bobby Reynolds
|
0-0: Foul Ball, location: 2F 0-1: Swinging Strike 0-2: Foul Ball, location: 2F 0-2: Ball 1-2: Foul Ball, location: 2F 1-2: Ball 2-2: Fly out, F8 (Flyball, 89D, EV 83.1 MPH)
|
|
Batting: RHB John Rodd
|
0-0: Ball 1-0: Ball 2-0: Called Strike 2-1: Foul Ball, location: 2F 2-2: Strikes out looking
|
| Top of the 2nd over - 0 runs, 1 hit, 0 errors, 1 left on base; Trenton 0 - Frisco 0 |
| BOTTOM OF THE 2ND |
|
Frisco RoughRiders batting - Pitching for Trenton Thunder : RHP Pat Matera
|
|
Batting: LHB Alfonso Collazo
|
0-0: Ground out 5-3 (Groundball, 6, EV 91.9 MPH)
|
|
Batting: RHB Andy Sheridan
|
0-0: Called Strike 0-1: Ball 1-1: SINGLE (Flyball, 56D, EV 81.2 MPH)
|
|
Batting: RHB Darnell Jones
|
0-0: Ground out 6-3 (Groundball, 6MD, EV 103.8 MPH) Andy Sheridan to second
|
|
Batting: RHB John Bernard
|
0-0: Called Strike 0-1: Ball 1-1: Ground out 6-3 (Groundball, 6, EV 92.5 MPH)
|
| Bottom of the 2nd over - 0 runs, 1 hit, 0 errors, 1 left on base; Trenton 0 - Frisco 0 |
| TOP OF THE 3RD |
|
Trenton Thunder batting - Pitching for Frisco RoughRiders : RHP Matt Stutzman
|
|
Batting: LHB Frank Mullen
|
0-0: Ball 1-0: Called Strike 1-1: Called Strike 1-2: Foul Ball, location: 2F 1-2: Ball 2-2: Ball 3-2: Foul Ball, location: 2F 3-2: Foul Ball, location: 2F 3-2: Fly out, F9 (Flyball, 9, EV 88.1 MPH)
|
|
Batting: RHB Stu Rancourt
|
0-0: Called Strike 0-1: Foul Ball, location: 2F 0-2: Strikes out swinging
|
|
Batting: SHB David Bantista
|
0-0: Fly out, F9 (Line Drive, 9, EV 95.0 MPH)
|
| Top of the 3rd over - 0 runs, 0 hits, 0 errors, 0 left on base; Trenton 0 - Frisco 0 |
| BOTTOM OF THE 3RD |
|
Frisco RoughRiders batting - Pitching for Trenton Thunder : RHP Pat Matera
|
|
Batting: RHB Brandon Davis
|
0-0: Swinging Strike 0-1: Ball 1-1: SINGLE (Groundball, 34S, EV 65.0 MPH) (infield hit)
|
|
Batting: RHB Knud Prins
|
0-0: Grounds into double play, 5-4-3 (Groundball, 56S, EV 80.6 MPH)
|
|
Batting: RHB Jason Sher
|
0-0: Ball 1-0: Foul Ball, location: 2F 1-1: Swinging Strike 1-2: Ball 2-2: Strikes out swinging
|
| Bottom of the 3rd over - 0 runs, 1 hit, 0 errors, 0 left on base; Trenton 0 - Frisco 0 |
| TOP OF THE 4TH |
|
Trenton Thunder batting - Pitching for Frisco RoughRiders : RHP Matt Stutzman
|
|
Batting: RHB Jeremy Hathcock
|
0-0: Called Strike 0-1: Swinging Strike 0-2: Ball 1-2: Ball 2-2: Foul Ball, location: 2F 2-2: Strikes out swinging
|
|
Batting: RHB Hector Padilla
|
0-0: Ground out 6-3 (Groundball, 56D, EV 104.4 MPH)
|
|
Batting: LHB Ryan Rodgers
|
0-0: Foul Ball, location: 2F 0-1: Ball 1-1: Called Strike 1-2: Ball 2-2: Foul Ball, location: 2F 2-2: Ball 3-2: Base on Balls
|
|
Batting: LHB Justin Covington
|
0-0: Ball 1-0: Fielders Choice at 2nd, U6 (Groundball, 6M, EV 91.2 MPH)
|
| Top of the 4th over - 0 runs, 0 hits, 0 errors, 1 left on base; Trenton 0 - Frisco 0 |
| BOTTOM OF THE 4TH |
|
Frisco RoughRiders batting - Pitching for Trenton Thunder : RHP Pat Matera
|
|
Batting: LHB Antonio Domingues
|
0-0: Called Strike 0-1: Ball 1-1: Swinging Strike 1-2: Foul Ball, location: 2F 1-2: Foul Ball, location: 2F 1-2: Strikes out swinging
|
|
Batting: LHB Justin Balthazor
|
0-0: Swinging Strike 0-1: Ball 1-1: Fly out, F7 (Flyball, 78M, EV 86.9 MPH)
|
|
Batting: LHB Alfonso Collazo
|
0-0: Foul Ball, location: 2F 0-1: Ball 1-1: Ground out 4-3 (Groundball, 34, EV 85.6 MPH)
|
| Bottom of the 4th over - 0 runs, 0 hits, 0 errors, 0 left on base; Trenton 0 - Frisco 0 |
| TOP OF THE 5TH |
|
Trenton Thunder batting - Pitching for Frisco RoughRiders : RHP Matt Stutzman
|
|
Batting: SHB Bobby Reynolds
|
0-0: Ball 1-0: Called Strike 1-1: Foul Ball, location: 2F 1-2: Ball 2-2: Ball 3-2: Strikes out swinging
|
|
Batting: RHB John Rodd
|
0-0: Swinging Strike 0-1: Ball 1-1: Swinging Strike 1-2: Ball 2-2: Ball 3-2: Strikes out looking
|
|
Batting: LHB Frank Mullen
|
0-0: Called Strike 0-1: Ball 1-1: Foul Ball, location: 2F 1-2: Foul Ball, location: 2F 1-2: Ball 2-2: Ball 3-2: SOLO HOME RUN (Flyball, 9LD, EV 91.9 MPH), Distance : 352 ft
|
|
Batting: RHB Stu Rancourt
|
0-0: Called Strike 0-1: Swinging Strike 0-2: Ball 1-2: Ball 2-2: Ball 3-2: Foul Ball, location: 2F 3-2: Foul Ball, location: 2F 3-2: Base on Balls
|
|
Pitching: RHP Andres Burgos
|
|
|
Batting: SHB David Bantista
|
0-0: Called Strike 0-1: Ball Stu Rancourt steals 2nd base 1-1: Ball 2-1: Foul Ball, location: 2F 2-2: Ball 3-2: SINGLE (Flyball, 56D, EV 86.9 MPH) Stu Rancourt to third Runner from 3rd tries for Home, SAFE, throw by LF to home
|
|
Batting: RHB Jeremy Hathcock
|
0-0: Ball 1-0: Called Strike 1-1: Ball 2-1: Foul Ball, location: 2F 2-2: Fly out, F4 (Flyball, 34D, EV 75.6 MPH)
|
| Top of the 5th over - 2 runs, 2 hits, 0 errors, 1 left on base; Trenton 2 - Frisco 0 |
| BOTTOM OF THE 5TH |
|
Frisco RoughRiders batting - Pitching for Trenton Thunder : RHP Pat Matera
|
|
Batting: RHB Andy Sheridan
|
0-0: Ball 1-0: Ball 2-0: Foul Ball, location: 2F 2-1: DOUBLE (Groundball, 3L, EV 107.5 MPH)
|
|
Batting: RHB Darnell Jones
|
0-0: Ball 1-0: SINGLE (Groundball, 56D, EV 95.6 MPH) Andy Sheridan to third
|
|
Batting: RHB John Bernard
|
0-0: Called Strike 0-1: Ball Darnell Jones is caught stealing 2nd base 2-4 1-1: Foul Ball, location: 2F 1-2: Ball 2-2: SINGLE (Line Drive, 8LS, EV 98.8 MPH) Andy Sheridan scores
|
|
Batting: RHB Brandon Davis
|
0-0: Ball 1-0: Ball 2-0: SINGLE (Groundball, 5D, EV 108.1 MPH) John Bernard to second
|
|
Batting: RHB Knud Prins
|
0-0: Called Strike John Bernard steals 3rd base Brandon Davis to second 0-1: Fly out, F7 (Line Drive, 7, EV 91.2 MPH)
|
|
Batting: RHB Jason Sher
|
0-0: Ball 1-0: Ball 2-0: Called Strike 2-1: Ground out U3 (Groundball, 3S, EV 86.9 MPH)
|
| Bottom of the 5th over - 1 run, 4 hits, 0 errors, 2 left on base; Trenton 2 - Frisco 1 |
| TOP OF THE 6TH |
|
Trenton Thunder batting - Pitching for Frisco RoughRiders : RHP Andres Burgos
|
|
Batting: RHB Hector Padilla
|
0-0: Ball 1-0: Swinging Strike 1-1: Ball 2-1: Ball 3-1: Base on Balls
|
|
Batting: LHB Ryan Rodgers
|
0-0: Ball 1-0: Grounds into double play, 6-4-3 (Groundball, 6, EV 81.9 MPH)
|
|
Batting: LHB Justin Covington
|
0-0: Ball 1-0: Ball 2-0: Ground out 4-3 (Groundball, 34, EV 103.1 MPH)
|
| Top of the 6th over - 0 runs, 0 hits, 0 errors, 0 left on base; Trenton 2 - Frisco 1 |
| BOTTOM OF THE 6TH |
|
Frisco RoughRiders batting - Pitching for Trenton Thunder : RHP Pat Matera
|
|
Batting: LHB Antonio Domingues
|
0-0: Called Strike 0-1: Ball 1-1: Foul Ball, location: 2F 1-2: Ball 2-2: Ball 3-2: Ground out 6-3 (Groundball, 6, EV 81.9 MPH)
|
|
Batting: LHB Justin Balthazor
|
0-0: Called Strike 0-1: Foul Ball, location: 2F 0-2: Ball 1-2: Foul Ball, location: 2F 1-2: Foul Ball, location: 2F 1-2: Ball 2-2: Ball 3-2: Fly out, F9 (Line Drive, 9, EV 90.0 MPH)
|
|
Batting: LHB Alfonso Collazo
|
0-0: Swinging Strike 0-1: Ground out 5-3 (Groundball, 5, EV 106.9 MPH)
|
| Bottom of the 6th over - 0 runs, 0 hits, 0 errors, 0 left on base; Trenton 2 - Frisco 1 |
| TOP OF THE 7TH |
|
Trenton Thunder batting - Pitching for Frisco RoughRiders : RHP Andres Burgos
|
|
Batting: SHB Bobby Reynolds
|
0-0: Fly out, F8 (Flyball, 8RD, EV 94.4 MPH)
|
|
Batting: RHB John Rodd
|
0-0: Ball 1-0: Called Strike 1-1: Ball 2-1: Called Strike 2-2: Ball 3-2: Foul Ball, location: 2F 3-2: Foul Ball, location: 2F 3-2: Foul Ball, location: 2F 3-2: Fly out, F8 (Line Drive, 8LD, EV 88.1 MPH)
|
|
Batting: LHB Frank Mullen
|
0-0: Ball 1-0: Called Strike 1-1: Called Strike 1-2: Ball 2-2: Ball 3-2: Base on Balls
|
|
Pitching: RHP Jesse Lawlis
|
|
|
Batting: RHB Stu Rancourt
|
0-0: Ball 1-0: Called Strike 1-1: Ball 2-1: Swinging Strike 2-2: Foul Ball, location: 2F 2-2: Foul Ball, location: 2F 2-2: Foul Ball, location: 2F 2-2: Ball 3-2: Fly out, F8 (Line Drive, 8RD, EV 85.0 MPH)
|
| Top of the 7th over - 0 runs, 0 hits, 0 errors, 1 left on base; Trenton 2 - Frisco 1 |
| BOTTOM OF THE 7TH |
|
Frisco RoughRiders batting - Pitching for Trenton Thunder : RHP Pat Matera
|
|
Batting: RHB Andy Sheridan
|
0-0: Ground out 4-3 (Groundball, 4M, EV 90.0 MPH)
|
|
Batting: RHB Darnell Jones
|
0-0: Fly out, F4 (Flyball, 34D, EV 86.2 MPH)
|
|
Batting: RHB John Bernard
|
0-0: Ball 1-0: Called Strike 1-1: Swinging Strike 1-2: Ball 2-2: Foul Ball, location: 2F 2-2: Ball 3-2: Base on Balls
|
|
Pinch Hitting: SHB Frank King
|
0-0: Called Strike John Bernard steals 2nd base 0-1: Ground out 4-3 (Groundball, 4, EV 104.4 MPH)
|
| Bottom of the 7th over - 0 runs, 0 hits, 0 errors, 1 left on base; Trenton 2 - Frisco 1 |
| TOP OF THE 8TH |
|
Trenton Thunder batting - Pitching for Frisco RoughRiders : RHP Jesse Lawlis
|
|
Now in CF: Antonio Domingues
|
|
|
Now in RF: Frank King
|
|
|
Batting: SHB David Bantista
|
0-0: Fly out, F9 (Flyball, 89XD, EV 102.5 MPH)
|
|
Batting: RHB Jeremy Hathcock
|
0-0: Ball 1-0: Foul Ball, location: 2F 1-1: Foul Ball, location: 2F 1-2: SINGLE (Groundball, 6MD, EV 93.8 MPH)
|
|
Batting: RHB Hector Padilla
|
0-0: Ball 1-0: Ball 2-0: Ball 3-0: Base on Balls Jeremy Hathcock to second
|
|
Batting: LHB Ryan Rodgers
|
0-0: Ball 1-0: Called Strike 1-1: Ball 2-1: Ball 3-1: Grounds into double play, 6-4-3 (Groundball, 6, EV 101.9 MPH)
|
| Top of the 8th over - 0 runs, 1 hit, 0 errors, 1 left on base; Trenton 2 - Frisco 1 |
| BOTTOM OF THE 8TH |
|
Frisco RoughRiders batting - Pitching for Trenton Thunder : RHP Pat Matera
|
|
Batting: RHB Knud Prins
|
0-0: Ball 1-0: Called Strike 1-1: Ball 2-1: Ground out 6-3 (Groundball, 6, EV 86.2 MPH)
|
|
Pitching: RHP Jeff Katechis
|
|
|
Batting: RHB Jason Sher
|
0-0: Ground out 6-3 (Groundball, 6, EV 90.6 MPH)
|
|
Batting: LHB Antonio Domingues
|
0-0: Ball 1-0: Ball 2-0: Ball 3-0: Base on Balls
|
|
Batting: LHB Justin Balthazor
|
0-0: Called Strike Antonio Domingues steals 2nd base 0-1: Ball 1-1: Ground out 6-3 (Groundball, 6, EV 86.9 MPH)
|
| Bottom of the 8th over - 0 runs, 0 hits, 0 errors, 1 left on base; Trenton 2 - Frisco 1 |
| TOP OF THE 9TH |
|
Trenton Thunder batting - Pitching for Frisco RoughRiders : RHP Jesse Lawlis
|
|
Batting: LHB Justin Covington
|
0-0: Foul Ball, location: 2F 0-1: Foul Ball, location: 2F 0-2: SOLO HOME RUN (Flyball, 9D, EV 100.0 MPH), Distance : 390 ft
|
|
Batting: SHB Bobby Reynolds
|
0-0: Swinging Strike 0-1: Swinging Strike 0-2: Foul Ball, location: 2F 0-2: Ball 1-2: Strikes out looking
|
|
Batting: RHB John Rodd
|
0-0: Ball 1-0: Fly out, F5 (Popup, 25F, EV 81.2 MPH)
|
|
Batting: LHB Frank Mullen
|
0-0: Swinging Strike 0-1: Ball 1-1: Swinging Strike 1-2: Ground out 6-3 (Groundball, 56, EV 90.0 MPH)
|
| Top of the 9th over - 1 run, 1 hit, 0 errors, 0 left on base; Trenton 3 - Frisco 1 |
| BOTTOM OF THE 9TH |
|
Frisco RoughRiders batting - Pitching for Trenton Thunder : RHP Jeff Katechis
|
|
Pitching: LHP Armando Florez
|
|
|
Pinch Hitting: RHB Zhi-bin Ou-yang
|
0-0: Called Strike 0-1: Ball 1-1: Foul Ball, location: 2F 1-2: Ball 2-2: Foul Ball, location: 2F 2-2: Ball 3-2: Reached on error, E6 (Groundball, 56, EV 88.1 MPH)
|
|
Batting: RHB Andy Sheridan
|
0-0: Called Strike 0-1: Ball 1-1: Fly out, F9 (Line Drive, 89S, EV 85.0 MPH)
|
|
Batting: RHB Darnell Jones
|
0-0: Ball 1-0: Foul Ball, location: 2F 1-1: Ball 2-1: DOUBLE (Line Drive, 89D, EV 110.0 MPH) Zhi-bin Ou-yang to third
|
|
Batting: RHB John Bernard
|
0-0: Ball 1-0: Ground out 1-3 (Groundball, 15S, EV 71.2 MPH)
|
|
Pinch Hitting: RHB Shoh Tanioka
|
0-0: Foul Ball, location: 2F 0-1: Ground out 6-3 (Groundball, 6, EV 91.9 MPH)
|
| Bottom of the 9th over - 0 runs, 1 hit, 1 error, 2 left on base; Trenton 3 - Frisco 1 |
|